 Dungeon Crawl Stone Soup version 0.32-a0-886-g41c5271027 (webtiles) character file.

Game seed: 18147040997133604122

2392 Biggs the Skirmisher (level 9, -1/68 HPs)
             Began as a Coglin Hunter on Apr 2, 2024.
             Slain by a hornet (11 damage)
             ... on level 6 of the Dungeon.
             The game lasted 00:07:28 (5020 turns).

Biggs the Skirmisher (Coglin Hunter)                Turns: 5020, Time: 00:07:29

Health: -1/68      AC:  5    Str: 12    XL:     9   Next: 46%
Magic:  9/9        EV: 14    Int:  8    God:
Gold:   225        SH:  0    Dex: 22    Spells: 8/8 levels left

rFire   . . .        a - +5 sling (flame) {Margit}
rCold   . . .        d - +0 sling {Ikko}
rNeg    . . .        c - +0 leather armour
rPois   .            (no helmet)
rElec   .            r - +0 cloak
rCorr   .            q - +0 pair of gloves
SInv    .            (no boots)
Will    .....        (amulet unavailable)
Stlth   ++           (ring unavailable)
HPRegen 0.31/turn    (ring unavailable)
MPRegen 0.11/turn    (no gizmo)

%: no passive effects
@: about to teleport, slowed, revved, very slow
A: off-hand wielding, slow wielding, warmup strikes, no jewellery
a: Invent Gizmo


You were on level 6 of the Dungeon.
You visited 1 branch of the dungeon, and saw 6 of its levels.

You collected 225 gold pieces.

Inventory:

Hand Weapons
 a - a +5 sling of flaming (weapon) {Margit}
 d - a +0 sling (offhand) {Ikko}
 i - a +0 giant club
Armour
 c - a +0 leather armour (worn)
 q - a +0 pair of gloves (worn)
 r - a +0 cloak (worn)
Wands
 n - a wand of paralysis (9)
Scrolls
 b - a scroll of butterflies
 e - 3 scrolls of teleportation
 g - 2 scrolls of identify
 h - 3 scrolls of silence
 o - a scroll of revelation {unknown}
 p - 2 scrolls of amnesia
Potions
 f - 4 potions of curing
 j - a potion of haste {unknown}
 k - a potion of attraction {unknown}
 l - a potion of brilliance {unknown}
 m - 3 potions of heal wounds {unknown}
 s - a potion of resistance {unknown}
 t - a potion of enlightenment {unknown}


   Skills:
 - Level 5.0 Fighting
 + Level 10.2 Ranged Weapons
 - Level 5.0 Dodging
 - Level 0.7 Stealth


You had 8 spell levels left.
You didn't know any spells.
Your spell library contained the following spells:

 Spells                   Type           Power      Damage    Failure   Level
 Ensorcelled Hibernation  Hex/Ice        0%         N/A       63%         2
 Passwall                 Erth           0%         N/A       86%         3
 Swiftness                Air            0%         N/A       86%         3


Dungeon Overview and Level Annotations

Branches:
Dungeon (6/15)
 Temple: D:4-7

Altars:

Shops:
D:5 :


Innate Abilities, Weirdness & Mutations

You can wield a second weapon in your off-hand.
It takes a long time for you to wield or remove held weapons.
Your first few attacks do less damage.
You cannot equip rings or amulets.


Message History

You shoot a sling bullet. The sling bullet hits the hornet.
The sling bullet burns the hornet.
The hornet is moderately wounded.
The hornet barely misses you. The hornet closely misses you.
Unknown command.
You shoot a sling bullet.
The sling bullet hits the hornet but does no damage.
The hornet is moderately wounded.
You shoot a sling bullet.
The sling bullet hits the hornet but does no damage.
The hornet is moderately wounded.
The hornet stings you!
You feel as though you will be slow longer.
The hornet stings you!
You feel as though you will be slow longer.
You are too injured to fight recklessly!
Unknown command.
You are too injured to fight recklessly!
Unknown command.
You are too injured to fight recklessly!
Unknown command.
As you read the scroll of teleportation, it crumbles to dust.
You feel strangely unstable. The hornet stings you!
You feel as though you will be slow longer.
The hornet misses you.
Unknown command.
Fire: a) +5 sling (flame) {Margit}
Press: ? - help, Q - select action, (/) - cycle Shift-Dir - straight line, f/p - hornet
Aim: a hornet (moderately wounded, 62% to hit)
You shoot a sling bullet.
The sling bullet hits the hornet but does no damage.
The hornet is moderately wounded.
You shoot a sling bullet.
The sling bullet hits the hornet but does no damage.
The hornet is moderately wounded.
The hornet stings you!
* * * LOW HITPOINT WARNING * * *
You feel as though you will be slow longer.
The hornet stings you!
You die...

##################
#$[(#....†#.....#.
#.).#.....#.....#.
#O$ #..#..#..#..#.
#y###..#..#..#..#.
#@.....#.....#....
#......#.....#....
####################
#...................
#...................
##.##################
#..# #.....#..[. ##.#
#.....#W... #.#
#..#..#..#.


You could see a two-headed ogre and a hornet.

Vanquished Creatures
  Prince Ribbit (D:6)
  Sigmund (D:3)
  A water moccasin (D:5)
  2 ice beasts (D:6)
  3 ogres
  3 phantoms
  A kobold brigand (D:5)
  A bullfrog (D:6)
  A gnoll sergeant (D:6)
  3 scorpions
  A howler monkey (D:4)
  2 bombardier beetles
  2 jellies (D:6)
  A gnoll bouda (D:5)
  An orc priest (D:6)
  Crazy Yiuf (D:3)
  2 hounds (D:4)
  Jessica (D:2)
  An orc wizard (D:5)
  4 iguanas
  2 sleepcaps
  Ijyb (D:3)
  14 gnolls
  8 adders
  A white imp (D:6)
  2 ufetubi (D:5)
  7 dart slugs
  3 ribbon worms
  9 orcs
  11 endoplasms
  6 giant cockroaches
  7 goblins
  9 hobgoblins
  4 jackals
  6 quokkas
  8 ball pythons
  10 bats
  5 frilled lizards
  15 kobolds
  8 rats
169 creatures vanquished.

Notes
Turn   | Place    | Note
-------+----------+-------------------------------------------
     0 | D:1      | Biggs the Coglin Hunter began the quest for the Orb.
     0 | D:1      | Reached XP level 1. HP: 16/16 MP: 1/1
   133 | D:1      | Reached skill level 4 in Ranged Weapons
   133 | D:1      | Reached XP level 2. HP: 22/22 MP: 2/2
   387 | D:1      | Reached XP level 3. HP: 25/27 MP: 3/3
   655 | D:2      | Noticed Jessica
   658 | D:2      | Killed Jessica
   659 | D:2      | Reached skill level 5 in Ranged Weapons
   659 | D:2      | Reached XP level 4. HP: 33/33 MP: 4/4
  1549 | D:3      | Reached XP level 5. HP: 38/38 MP: 5/5
  1549 | D:3      | Noticed Sigmund
  1659 | D:3      | Killed Sigmund
  1660 | D:3      | Reached skill level 6 in Ranged Weapons
  1660 | D:3      | Reached XP level 6. HP: 25/44 MP: 6/6
  1779 | D:3      | Noticed Ijyb
  1784 | D:3      | Paralysed by Ijyb for 2 turns
  1786 | D:3      | Killed Ijyb
  1787 | D:3      | Reached skill level 7 in Ranged Weapons
  1901 | D:3      | Found a runed translucent door.
  1902 | D:3      | Noticed Crazy Yiuf
  1997 | D:3      | Reached XP level 7. HP: 41/50 MP: 7/7
  2644 | D:4      | Reached skill level 8 in Ranged Weapons
  3320 | D:5      | Entered Level 5 of the Dungeon
  3394 | D:5      | Reached skill level 9 in Ranged Weapons
  3394 | D:5      | Reached XP level 8. HP: 56/56 MP: 8/8
  3842 | D:5      | Found Noshaib's Tremendous Tomes.
  4081 | D:3      | Killed Crazy Yiuf
  4236 | D:6      | Noticed Prince Ribbit
  4245 | D:6      | Killed Prince Ribbit
  4352 | D:6      | Reached skill level 5 in Dodging
  4352 | D:6      | Reached XP level 9. HP: 48/61 MP: 9/9
  4935 | D:6      | Reached skill level 5 in Fighting
  4991 | D:6      | Reached skill level 10 in Ranged Weapons
  5013 | D:6      | Noticed a hornet
  5015 | D:6      | Noticed a two-headed ogre
  5020 | D:6      | Slain by a hornet

Illustrated notes

Levels and vault maps discovered:
D:1:      dpeg_arrival_rhombus, layout_loops_cross
D:2:      minmay_general_purpose_star, layout_basic, serial_glass,
          glass_columns_a, glass_columns_a, uniq_jessica
D:3:      layout_rooms, serial_curves, eino_curves_02, eino_curves_04,
          eino_curves_02, minmay_diced_spiral, uniq_crazy_yiuf_cottage,
          uniq_ijyb, uniq_sigmund
D:4:      minmay_angry_zag, layout_basic, nicolae_the_louvre
D:5:      layout_cave_pools, nicolae_shop_i_like_big_books
D:6:      kennysheep_windowed_halls, layout_loops_corners,
          grunt_temple_overflow_lords_of_destruction, uniq_prince_ribbit1

Skill      XL: |  1  2  3  4  5  6  7  8  9 |
---------------+----------------------------+-----
Ranged Weapons | 4 5 6 7 9 10 | 10.2
Dodging        | 5 |  5.0
Fighting       | 5 |  5.0
Stealth        | |  0.7

Action                     |  1- 3 |  4- 6 |  7- 9 || total
---------------------------+-------+-------+-------++-------
  Melee: Sling             |       |     2 |       ||     2
         Unarmed           |       |       |     6 ||     6
   Fire: Sling             |   136 |   256 |   526 ||   918
    Use: Scroll            |       |       |    11 ||    11
 Armour: Leather armour    |    18 |    28 |    42 ||    88
  Dodge: Dodged            |     5 |    26 |    43 ||    74

Table legend: (Time is in decaauts)
 A = Elapsed time spent in this place.
 B = Non-inter-level travel time spent in this place.
 C = Inter-level travel time spent in this place.
 D = Time resting spent in this place.
 E = Time spent auto-exploring this place.
 F = Levels seen in this place.
 G = Mean time per level.
                   A        B        C        D        E       F      G
               +--------+--------+--------+--------+--------+-----+--------+
         Total |   5050 |   4751 |    299 |     55 |   3901 |   6 |  841.7 |
       Dungeon |   5050 |   4751 |    299 |     55 |   3901 |   6 |  841.7 |
               +--------+--------+--------+--------+--------+-----+--------+

Top non-repeatable levels by time:
     D:4: 1063 daAuts
     D:3: 1016 daAuts
     D:2: 840 daAuts
     D:6: 829 daAuts
     D:5: 676 daAuts
     D:1: 624 daAuts
